 Dungeon Crawl Stone Soup version 0.18.1-2-ga659475 (webtiles) character file.

188 DeXoteric the Ruffian (level 5, -14/48 HPs)
             Began as a Troll Warper on May 8, 2016.
             Demolished by an orc
             ... wielding a +4 war axe
              (17 damage)
             ... on level 4 of the Dungeon.
             The game lasted 00:05:35 (2623 turns).

DeXoteric the Ruffian (Troll Warper)                Turns: 2623, Time: 00:05:35

Health: -14/48     AC:  5    Str: 19    XL:     5   Next: 39%
Magic:  5/5        EV: 10    Int: 10    God:
Gold:   195        SH:  0    Dex:  9    Spells: 2 memorised, 3 levels left

rFire  . . .     SeeInvis .       - Unarmed
rCold  . . .     Gourm    +     a - +0 robe
rNeg   . . .     Faith    .     (no shield)
rPois  .         Spirit   .     (helmet restricted)
rElec  .         Dismiss  .     (no cloak)
rCorr  .         Reflect  .     (gloves unavailable)
SustAt .         Harm     .     (boots unavailable)
MR     .....                    (no amulet)
Stlth  +.........               (no ring)
                                (no ring)

@: not resistant to hostile enchantments, very unstealthy
A: unfitting armour, claws 3, fast metabolism 3, gourmand, regeneration 2,
shaggy fur 1, tough skin 2
a: no special abilities


You were on level 4 of the Dungeon.
You were very full.

You visited 1 branch of the dungeon, and saw 4 of its levels.

You collected 195 gold pieces.

Inventory:

Missiles
 d - 5 tomahawks of dispersal (quivered)
Armour
 a - a +0 robe (worn)
Scrolls
 c - 2 scrolls of blinking
 e - 5 scrolls of identify {unknown}
 j - 3 scrolls of teleportation {unknown}
 m - a scroll of magic mapping {unknown}
 o - 2 scrolls of amnesia {unknown}
 q - a scroll of enchant armour {unknown}
Potions
 g - a potion of mutation {unknown}
 k - 2 potions of curing {unknown}
 l - a potion of agility {unknown}
 n - a potion of haste {unknown}
 p - a potion of degeneration {unknown}
Books
 b - a book of Spatial Translocations

   Spells                             Type                      Level
   a - Apportation                    Translocation                1
   b - Blink                          Translocation                2
   c - Shroud of Golubria             Charms/Translocation         2
   d - Portal Projectile              Translocation                3
   e - Teleport Other                 Translocation                3
   f - Passage of Golubria            Translocation                4
Comestibles
 f - 6 bread rations
 h - 5 fruits
 i - a beef jerky
 r - a chunk of flesh


   Skills:
 - Level 1.5 Fighting
 - Level 0.8 Throwing
 - Level 1.9 Dodging
 + Level 5.7 Unarmed Combat
 - Level 1.2 Spellcasting
 - Level 2.1 Translocations


You had 3 spell levels left.
You knew the following spells:

 Your Spells              Type           Power        Failure   Level  Hunger
a - Apportation           Tloc           #.........   14%         1    ##.....
b - Blink                 Tloc           N/A          21%         2    ###....


Dungeon Overview and Level Annotations

Branches:
Dungeon (4/15)
 Temple: D:4-7

Altars:
Makhleb
Okawaru
Trog
Xom
Zin


Innate Abilities, Weirdness & Mutations

You are too large for most types of armour.
You have claws for hands.
Your metabolism is lightning-fast.
You like to eat raw meat.
You heal very quickly.
You are covered in fur (AC +1).
You have very tough skin (AC +2).


Message History

The orc priest casts a cantrip, but nothing happens.
Something hits you but does no damage.
You claw something!
Reactivating autopickup.
You feel a bit more experienced.
You closely miss the orc.
The orc priest calls down the wrath of Beogh upon you.
Beogh smites you!
* * * LOW HITPOINT WARNING * * *
You barely miss the orc. The orc misses you.
You scratch the orc but do no damage.
The orc hits you with an enchanted war axe!
* * * LOW HITPOINT WARNING * * *
You closely miss the orc.
The orc hits you with an enchanted war axe.
* * * LOW HITPOINT WARNING * * *
You barely miss the orc. You closely miss the orc.
The orc hits you with an enchanted war axe!
You die...

....o.
...!..### #
........# .#
......#.###.##
....o........
......[o...
.........#
#.##.########.#
#....(ooT.....#
####.#######..#
#.# #..# #.#
#..# #.# #..#
#.### #..# #+#
#...# #..# #.#
#.#.#####..#
#.#
#.#........#


You could see an orc priest and an orc.

Vanquished Creatures
  Ijyb (D:2)
  An orc wizard (D:4)
  Terence (D:2)
  4 adders
  A dart slug (D:1)
  4 giant geckos
  2 orcs (D:4)
  6 bats
  8 giant cockroaches
  4 goblins
  9 hobgoblins
  8 jackals
  A quokka (D:2)
  2 giant newts (D:3)
  A jackal skeleton (D:3)
  4 kobolds
  7 rats
64 creatures vanquished.

Notes
Turn   | Place    | Note
--------------------------------------------------------------
     0 | D:1      | DeXoteric the Troll Warper began the quest for the Orb.
     0 | D:1      | Reached XP level 1. HP: 19/19 MP: 1/1
   341 | D:1      | Reached XP level 2. HP: 26/27 MP: 2/2
   539 | D:1      | Reached skill level 3 in Unarmed Combat
   904 | D:2      | Noticed Ijyb
   917 | D:2      | Killed Ijyb
   917 | D:2      | Reached skill level 4 in Unarmed Combat
   917 | D:2      | Reached XP level 3. HP: 16/33 MP: 3/3
  1016 | D:2      | Reached XP level 4. HP: 41/41 MP: 4/4
  1147 | D:2      | Found an iron altar of Okawaru.
  1188 | D:2      | Noticed Terence
  1197 | D:2      | Killed Terence
  1442 | D:2      | Reached skill level 5 in Unarmed Combat
  1601 | D:2      | Learned a level 2 spell: Blink
  1907 | D:3      | Found a burning altar of Makhleb.
  1908 | D:3      | Found a shimmering altar of Xom.
  2130 | D:3      | Found a glowing silver altar of Zin.
  2132 | D:3      | Found a bloodstained altar of Trog.
  2135 | D:3      | Reached XP level 5. HP: 42/48 MP: 5/5
  2621 | D:4      | HP: 2/48 [orc/enchanted war axe (5)]
  2623 | D:4      | Demolished by an orc

Skill      XL: |  1  2  3  4 |
---------------+-------------+-----
Unarmed Combat | 4 5 |  5.7
Fighting       | |  1.5
Throwing       | |  0.8
Dodging        | |  1.9
Spellcasting   | |  1.2
Translocations | |  2.1

Action                   |  1- 3 |  4- 6 || total
-------------------------+-------+-------++-------
Melee: Unarmed           |    67 |   127 ||   194
       Punch             |       |     3 ||     3
 Stab: Sleeping          |       |     1 ||     1
  Eat: Chunk             |    14 |    15 ||    29
Armor: Robe              |    27 |    36 ||    63
Dodge: Dodged            |    31 |    52 ||    83
